 Dungeon Crawl Stone Soup version 0.19-a0-1498-g0b85ae9 (webtiles) character file.

182 Leszczynek the Cudgeler (level 5, -2/50 HPs)
             Began as an Ogre Necromancer on Sept 10, 2016.
             Was a Follower of Nemelex Xobeh.
             Slain by an ogre
             ... wielding a +0 giant club
              (17 damage)
             ... on level 4 of the Dungeon.
             The game lasted 00:10:18 (2020 turns).

Leszczynek the Cudgeler (Ogre Necromancer)          Turns: 2020, Time: 00:10:18

Health: -2/50      AC:  4    Str: 14      XL:     5   Next: 61%
Magic:  17/17      EV: 10    Int: 12 (14) God:    Nemelex Xobeh [*.....]
Gold:   98         SH:  0    Dex: 10      Spells: 2 memorised, 6 levels left

rFire  . . .     SeeInvis .     a - +0 mace
rCold  . . .     Gourm    .     l - +0 robe
rNeg   . . .     Faith    .     (no shield)
rPois  .         Spirit   .     (helmet restricted)
rElec  .         Dismiss  .     c - +0 cloak
rCorr  .         Reflect  .     (gloves unavailable)
MR     .....     Harm     .     (boots unavailable)
Stlth  +.........               (no amulet)
                                (no ring)
                                q - ring of magical power

@: no status effects
A: unfitting armour, tough skin 1
a: Renounce Religion


You were on level 4 of the Dungeon.
You worshipped Nemelex Xobeh.
Nemelex Xobeh was aware of your devotion.
You were not hungry.

You visited 1 branch of the dungeon, and saw 4 of its levels.

You collected 98 gold pieces.

Inventory:

Hand Weapons
 a - a +0 mace (weapon)
 f - a +0 hand axe
 g - a +0 long sword
 i - a +0 club
 m - a +0 hunting sling
Missiles
 d - 4 tomahawks (quivered)
Armour
 c - a +0 cloak (worn)
 l - a +0 robe (worn)
Jewellery
 q - a ring of magical power (left hand)
Scrolls
 e - 2 scrolls of identify
 k - a scroll of remove curse
 n - 2 scrolls of magic mapping
 o - a scroll of noise {unknown}
 p - a scroll of enchant armour {unknown}
 r - a scroll of enchant weapon {unknown}
Books
 b - a book of Necromancy

   Spells                             Type                      Level
   a - Pain                           Necromancy                   1
   b - Animate Skeleton               Necromancy                   1
   c - Vampiric Draining              Necromancy                   3
   d - Regeneration                   Charms/Necromancy            3
   e - Animate Dead                   Necromancy                   4
   f - Control Undead                 Necromancy                   4
Comestibles
 s - a slice of pizza


   Skills:
 - Level 2.3 Fighting
 * Level 5.9 Maces & Flails
 - Level 1.7 Dodging
 - Level 1.5 Stealth
 - Level 2.4 Spellcasting
 - Level 2.9 Necromancy
 + Level 1.3 Invocations


You had 6 spell levels left.
You knew the following spells:

 Your Spells              Type           Power        Failure   Level  Hunger
a - Pain                  Necr           #...         10%         1    ##.....
b - Animate Skeleton      Necr           N/A          10%         1    ##.....


Dungeon Overview and Level Annotations

Branches:
Dungeon (4/15)
 Temple: D:4-7

Altars:
Fedhas
Nemelex Xobeh
Ru
Trog

Annotations:
D:4 1 runed door, inmateoo's ghost, amateur VSFi


Innate Abilities, Weirdness & Mutations

You are too large for most types of armour.
You have tough skin. (AC +1)


Message History

Press: ? - help, Dir - move target cursor, f/p - neqoxec
Aim: a neqoxec (almost dead, summoned) Attack!
The neqoxec hits your rakshasa!
Your rakshasa hits the neqoxec with a long sword.
The neqoxec dies!
What are your orders? t - Shout!
Orders for allies: a - Attack new target. r - Retreat! s - Stop attacking. g - Guard the area. f - Follow me.
Anything else - Cancel.
Gang up on whom?
Press: ? - help, Dir - move target cursor, f - ogre
Aim: an ogre, wielding a giant club Attack!
Your rakshasa blinks!
Your rakshasa completely misses the ogre.
The ogre hits you with a giant club!
You die...
Your body disappears without a glow.

###.## ... #.....
#.# #.#..... ##..
.# #....... #...
.# #.....< #..##.
.##..... ..#..
........ #.#.#
###..... #@#.#
##...# #O#.#
#..... #.RR#
#..... ###.#
#..... #.##
#(.... #..#
#.....
#..####.#.......
#####
##.......#.#.#.##
#...#
#...###....#... #


You could see an ogre and a friendly rakshasa.

Vanquished Creatures
  An orc wizard (D:3)
  A gnoll (D:2)
  4 adders
  An ooze (D:1)
  A worm (D:1)
  A giant gecko (D:3)
  3 orcs
  2 giant cockroaches
  2 hobgoblins
  2 jackals (D:1)
  3 kobolds
  A quokka (D:2)
  3 ball pythons
  2 bats
  2 giant newts (D:2)
  4 goblins
  A rat (D:1)
34 creatures vanquished.

Vanquished Creatures (collateral kills)
  A phantom (D:4)
  A centaur skeleton (D:4)
  A hound skeleton (D:4)
  An orc (D:3)
  A hobgoblin (D:3)
  2 giant newts (D:4)
7 creatures vanquished.

Vanquished Creatures (others)
  A kobold (D:1)
1 creature vanquished.

Grand Total: 42 creatures vanquished

Notes
Turn   | Place    | Note
-------+----------+-------------------------------------------
     0 | D:1      | Leszczynek the Ogre Necromancer began the quest for the Orb.
     0 | D:1      | Reached XP level 1. HP: 16/16 MP: 3/3
     2 | D:1      | Learned a level 1 spell: Animate Skeleton
   122 | D:2      | Found a sacrificial altar of Ru.
   130 | D:3      | Reached skill level 1 in Fighting
   368 | D:3      | Reached skill level 2 in Fighting
   368 | D:3      | Reached XP level 2. HP: 23/28 MP: 0/5
   478 | D:3      | Reached skill level 1 in Maces & Flails
   555 | D:3      | Reached skill level 2 in Maces & Flails
   562 | D:3      | Reached skill level 3 in Maces & Flails
   562 | D:3      | Reached XP level 3. HP: 16/36 MP: 3/6
   706 | D:3      | Reached XP level 4. HP: 17/44 MP: 0/7
   828 | D:4      | Noticed inmateoo's ghost (amateur VSFi)
   859 | D:2      | Found a faded altar of an unknown god.
   967 | D:1      | Reached skill level 4 in Maces & Flails
  1338 | D:2      | Found a blossoming altar of Fedhas.
  1342 | D:2      | Found a bloodstained altar of Trog.
  1399 | D:2      | Became a worshipper of Nemelex Xobeh the Trickster
  1399 | D:2      | Received a gift from Nemelex Xobeh
  1399 | D:2      | Reached * piety under Nemelex Xobeh
  1540 | D:4      | Reached skill level 5 in Maces & Flails
  1551 | D:4      | Reached XP level 5. HP: 12/50 MP: 6/8
  1552 | D:4      | Noticed a wasp
  1558 | D:4      | HP: 5/50 [poisoned by an adder]
  1564 | D:4      | HP: 4/50 [poisoned by an adder]
  1572 | D:4      | HP: 4/50 [poisoned by an adder]
  1873 | D:4      | Noticed a phantom
  1904 | D:4      | Noticed an ogre
  1907 | D:4      | Killed a phantom
  1907 | D:4      | Reached skill level 1 in Invocations
  1945 | D:4      | Found a runed door.
  2009 | D:4      | Noticed a neqoxec
  2020 | D:4      | Slain by an ogre

Vault maps used:
D:1:      shiori_arrival_oz
D:2:      nicolae_overflow_hidden_temple, ecumenical_altar_1, serial_park_tiny_1
D:4:      serial_corexii_hall, corexii_hall_statues_l, corexii_hall_statues_l,
          corexii_hall_statues_l, corexii_hall_statues_t, dk_noncrumbling_4,
          uniq_crazy_yiuf_cottage

Skill      XL: |  1  2  3  4  5 |
---------------+----------------+-----
Fighting       | 2 |  2.3
Maces & Flails | 3 5 |  5.9
Invocations    | 1 |  1.3
Dodging        | |  1.7
Stealth        | |  1.5
Spellcasting   | |  2.4
Necromancy     | |  2.9

Action                   |  1- 3 |  4- 6 || total
-------------------------+-------+-------++-------
Melee: Long sword        |    31 |       ||    31
       Hand axe          |     1 |       ||     1
       Mace              |     3 |    59 ||    62
 Cast: Pain              |    26 |    15 ||    41
       Animate Skeleton  |     2 |     2 ||     4
Evoke: Deck              |       |     4 ||     4
  Use: Scroll            |       |     3 ||     3
  Eat: Chunk             |       |     3 ||     3
       Bread ration      |       |     1 ||     1
Armor: Robe              |    12 |    25 ||    37
Dodge: Dodged            |    40 |    51 ||    91
